Map: Ever Dream LE

Players

Antwinger - Winner!

  • Race: Terran Terran
  • League: Diamond
  • Spawn Location: 1:00

VOD

Have the link to the VOD?

Description

Best for archon because of the micro and macro needed, slowish start to fast pumping units

Time

  • Played on: May 1, 2020, 5:29 p.m.
  • Length: 10:01
Show
View Real Time Build Order
Export as new Build Order

Antwinger Terran - Winner!

Build Orders:  

Get SALT Encoding   

  12  0:04  SCV  
  12  0:18  Supply Depot  
  12  0:20  Refinery  
  12  0:24  SCV  
  12  0:43  Barracks  
  12  0:46  SCV  
  12  0:58  SCV  
  12  1:10  SCV  
  12  1:23  SCV  
  12  1:33  Marine  
  12  1:34  Factory  
  12  1:35  SCV  
  12  1:41  Supply Depot  
  12  1:47  SCV  
  12  1:59  SCV, Barracks Reactor  
  12  2:15  Command Center  
  12  2:19  Orbital Command  
  12  2:26  Factory Tech Lab  
  12  2:34  Command Center  
  12  2:36  Marine  
  12  2:38  Marine  
  12  2:48  Siege Tank  
  12  2:57  SCV  
  12  3:04  Marine x2  
  12  3:12  SCV  
  12  3:17  Refinery  
  12  3:22  Supply Depot  
  12  3:23  Supply Depot  
  12  3:44  SCV, Marine x2, Siege Tank  
  12  3:57  SCV, Starport  
  12  4:01  Marine x2  
  12  4:13  Barracks  
  12  4:16  Orbital Command  
  12  4:22  Marine x2  
  12  4:23  Siege Tank  
  12  4:28  SCV  
  12  4:39  Marine  
  12  4:40  Marine  
  12  4:41  SCV  
  12  4:45  Viking  
  12  4:55  SCV  
  12  4:56  Bunker  
  12  4:58  SCV  
  12  5:01  Marine  
  12  5:07  Barracks Tech Lab  
  12  5:08  Marine  
  12  5:13  Siege Tank  
  12  5:15  SCV  
  12  5:17  SCV  
  12  5:22  Starport Tech Lab  
  12  5:30  Starport Tech Lab  
  12  5:32  Starport Reactor  
  12  5:33  Marine x2  
  12  5:38  Marauder  
  12  5:44  SCV  
  12  5:45  SCV, Siege Tank  
  12  5:51  Supply Depot x2  
  12  5:54  Supply Depot  
  12  5:58  Marine  
  12  5:59  Marauder, Marine  
  12  6:06  SCV x2  
  12  6:16  Marine x2  
  12  6:18  SCV x2, Supply Depot  
  12  6:20  Supply Depot  
  12  6:21  Marauder  
  12  6:22  Refinery  
  12  6:30  SCV x2  
  12  6:34  Marine x2  
  12  6:35  Siege Tank  
  12  6:52  Marine x2  
  12  6:55  Raven  
  12  6:58  Marine x2  
  12  7:04  SCV x2  
  12  7:09  Marine  
  12  7:10  Marine  
  12  7:11  Command Center  
  12  7:13  Siege Tank  
  12  7:15  Marine  
  12  7:16  SCV x2  
  12  7:20  Refinery, Marine  
  12  7:27  Marine  
  12  7:28  SCV x2, Marine  
  12  7:33  Marine  
  12  7:39  Supply Depot  
  12  7:40  SCV x2, Marine  
  12  7:45  Marine x2  
  12  7:51  Marine  
  12  7:52  SCV x2  
  12  8:00  Marine  
  12  8:01  Siege Tank  
  12  8:03  Marine x2  
  12  8:06  Supply Depot  
  12  8:07  Supply Depot  
  12  8:09  Supply Depot  
  12  8:33  Siege Tank  
  12  8:38  Command Center  
  12  8:42  SCV x2  
  12  8:44  Marauder, Marine x2  
  12  8:47  Liberator x2  
  12  8:48  Refinery  
  12  8:53  Refinery  
  12  8:54  SCV  
  12  8:58  Engineering Bay  
  12  8:59  SCV  
  12  9:00  Armory  
  12  9:05  Siege Tank  
  12  9:06  SCV  
  12  9:07  Supply Depot  
  12  9:12  SCV  
  12  9:18  SCV  
  12  9:21  Marauder  
  12  9:22  Marine x2  
  12  9:24  SCV, Planetary Fortress  
  12  9:40  Marine x2  
  12  9:46  SCV x2  
Tags
 
Add a new tag
Caveats
  • Supply blocks, unpowered buildings, or Contaminate may cause inaccurate times.
  • Supply counts are checked every 10 seconds.